 Dungeon Crawl Stone Soup version 0.30.0-29-ga12c61a403 (webtiles) character file.

Game seed: 803854197807119403

22 Peloso the Covered (level 2, 0/27 HPs)
             Began as a Minotaur Fighter on June 23, 2023.
             Slain by Terence
             ... wielding a +0 flail
              (3 damage)
             ... on level 2 of the Dungeon.
             The game lasted 00:01:40 (895 turns).

Peloso the Covered (Minotaur Fighter)                Turns: 895, Time: 00:01:41

Health: 0/27       AC:  7    Str: 19 (20) XL:     2   Next: 68%
Magic:  1/1        EV:  9    Int:  4 (5)  God:
Gold:   98         SH:  4    Dex:  8 (9)  Spells: 1/1 levels left

rFire   . . .        a - +0 long sword
rCold   . . .        d - +0 buckler
rNeg    . . .        c - +0 scale mail
rPois   .            (helmet restricted)
rElec   .            (no cloak)
rCorr   .            (no gloves)
SInv    .            (no boots)
Will    .....        (no amulet) Stlth
                     (no ring)
HPRegen 0.24/turn    (no ring)
MPRegen 0.07/turn

%: no passive effects
@: no status effects
A: horns 2, retaliatory headbutt
a: no special abilities


You were on level 2 of the Dungeon.
You visited 1 branch of the dungeon, and saw 2 of its levels.

You collected 98 gold pieces.

Inventory:

Hand Weapons
 a - a +0 long sword (weapon)
 b - a +1 whip of flaming
Armour
 c - a +0 scale mail (worn)
 d - a +0 buckler (worn)
Scrolls
 e - a scroll of teleportation {unknown}
 f - a scroll of poison
 g - a scroll of immolation {unknown}
Potions
 h - a potion of curing
 i - a potion of might
 j - 3 potions of heal wounds {unknown}


   Skills:
 + Level 4.0 Fighting
 + Level 3.0 Long Blades
 + Level 4.0 Armour
 + Level 3.8 Shields


You had one spell level left.
You didn't know any spells.
Your spell library was empty.

Dungeon Overview and Level Annotations

Branches:
Dungeon (2/15)

Altars:

Annotations:
D:2 Terence


Innate Abilities, Weirdness & Mutations

You have a pair of horns on your head.
You reflexively headbutt those who attack you in melee.


Message History

A rat comes into view.
A rat is nearby!
The rat bites you but does no damage.
You barely miss the rat. You block the rat's attack.
You hit the rat.
You kill the rat!
Your Armour skill increases to level 4!
Found an escape hatch in the floor.
There is a stone staircase leading up here.
An endoplasm comes into view.
The endoplasm quivers.
An endoplasm is nearby!
You hit the endoplasm.
You kill the endoplasm!
Your Fighting skill increases to level 4!
Found a stone staircase leading down.
There is a stone staircase leading down here.
j - 3 ruby potions Terence the Incautious comes into view.
He is wielding a +0 flail.
Found a robe.
Terence shouts!
Terence hits you with a +0 flail.
You hit Terence but do no damage. You headbutt Terence.
Terence is moderately wounded.
Terence closely misses you.
You hit Terence but do no damage. You headbutt Terence.
Terence is heavily wounded.
Terence hits you with a +0 flail.
You barely miss Terence.
Terence is heavily wounded.
Terence hits you with a +0 flail! Terence hits you with a +0 flail.
* * * LOW HITPOINT WARNING * * *
You hit Terence.
Terence is heavily wounded.
Terence hits you with a +0 flail.
* * * LOW HITPOINT WARNING * * *
You closely miss Terence.
Terence is heavily wounded.
Terence hits you with a +0 flail.
You die...

#....# #....
##.... #.....
#....# #....#
#...@# #...@####
####.......#
.[.........#
#####......######
+...........+
#......#.####
#......#.###
#......#...##
#......###..###
###


You could see Terence.

Vanquished Creatures
  2 ball pythons (D:1)
  2 endoplasms
  A giant cockroach (D:1)
  A goblin (D:1)
  4 hobgoblins
  2 kobolds
  A quokka (D:2)
  A bat (D:1)
  5 rats
19 creatures vanquished.

Notes
Turn   | Place    | Note
-------+----------+-------------------------------------------
     0 | D:1      | Peloso the Minotaur Fighter began the quest for the Orb.
     0 | D:1      | Reached XP level 1. HP: 19/19 MP: 0/0
   261 | D:1      | Reached XP level 2. HP: 26/27 MP: 1/1
   887 | D:2      | Noticed Terence
   895 | D:2      | Slain by Terence

Illustrated notes

Levels and vault maps discovered:
D:1:      zelgadis_glass_arrival_small, layout_loops_ring
D:2:      layout_basic, hellmonk_ecumenical_altar_dog_temple, uniq_terence

Skill      XL: |  1  2 |
---------------+-------+-----
Long Blades    | 3 |  3.0
Armour         | 4 |  4.0
Fighting       | 4 |  4.0
Shields        | |  3.8

Action                     || total
---------------------------++-------
  Melee: Long sword        ||    38
         Headbutt          ||     5
    Use: Potion            ||     2
         Scroll            ||     1
 Armour: Scale mail        ||    15
  Dodge: Dodged            ||    12
  Block: Buckler           ||     4
